 Dungeon Crawl Stone Soup version 0.27.1-34-g3ba077fa99 (webtiles) character file.

Game seed: 5590162016962350986

94 pkoi the Insei (level 4, -8/38 HPs)
             Began as a Draconian Monk on Jan 20, 2022.
             Mangled by an iguana (10 damage)
             ... on level 3 of the Dungeon.
             The game lasted 00:03:23 (2679 turns).

pkoi the Insei (Draconian Monk)                     Turns: 2679, Time: 00:03:23

Health: -8/38      AC:  5    Str: 13    XL:     4   Next: 38%
Magic:  4/4        EV: 12    Int: 12    God:
Gold:   53         SH:  0    Dex: 13    Spells: 3/3 levels left

rFire    . . .     SeeInvis .     - Unarmed
rCold    . . .     Faith    .   (no shield)
rNeg     . . .     Spirit   .   (armour unavailable)
rPois    .         Reflect  .   (helmet restricted)
rElec    .         Harm     .   (no cloak)
rCorr    .         Rampage  .   (no gloves)
Will     .....                  (no boots)
Stlth    ++........             (no amulet)
HPRegen  0.12/turn              (no ring)
MPRegen  0.09/turn              (no ring)

@: no status effects
A: AC +5, unfitting armour, cold-blooded
a: no special abilities


You were on level 3 of the Dungeon.
You visited 1 branch of the dungeon, and saw 3 of its levels.

You collected 53 gold pieces.

Inventory:

Hand Weapons
 d - a +0 whip
 j - a +2 vampiric whip
Missiles
 a - 5 boomerangs (quivered)
Scrolls
 b - 4 scrolls of identify {unknown}
 h - 2 scrolls of noise {unknown}
 i - a scroll of blinking {unknown}
Potions
 c - a potion of cancellation {unknown}
 e - a potion of heal wounds {unknown}
 f - a potion of magic {unknown}
 g - a potion of lignification {unknown}


   Skills:
 - Level 3.2 Fighting
 - Level 2.6 Dodging
 - Level 1.7 Stealth
 + Level 5.2 Unarmed Combat


You had 3 spell levels left.
You didn't know any spells.
Your spell library was empty.

Dungeon Overview and Level Annotations

Branches:
Dungeon (3/15)

Altars:


Innate Abilities, Weirdness & Mutations

Your plain brown scales are hard. (AC +5)
You cannot fit into any form of body armour.
You are cold-blooded and may be slowed by cold attacks.


Message History

No target in view!
No target in view!
You enter the shallow water.
Moving in this stuff is going to be slow.
A ball python comes into view.
The ball python hisses angrily.
The ball python bites you but does no damage.
The ball python completely misses you.
A ball python is nearby!
A ball python is nearby!
A ball python is nearby!
You punch the ball python!
You kill the ball python!
You now have 53 gold pieces (gained 12).
An adder comes into view.
An adder is nearby!
As you open the door, it creaks loudly!
You hear an angry hiss.
There is an open door here.
You see here a +0 dagger.
There is a stone staircase leading up here.
An iguana comes into view.
Found 14 gold pieces.
Found a book of Cantrips.
The helpless iguana fails to defend itself.
You hit the iguana but do no damage.
Your tail-slap misses the iguana.
You punch the iguana.
The iguana is lightly wounded.
The iguana bites you!
You barely miss the iguana.
The iguana is lightly wounded.
The iguana bites you!
* * * LOW HITPOINT WARNING * * *
You closely miss the iguana.
The iguana is lightly wounded.
The iguana bites you!
* * * LOW HITPOINT WARNING * * *
You hit the iguana.
Your tail-slap misses the iguana.
The iguana is moderately wounded.
The iguana bites you!
You die...

### #...#
#######<## .
...# #.#
..####.###.#
.........##.#
... #.......#
##..#.#..####
......#..#
#.....@.#
.:.....l$#
##########


You could see an iguana.

Vanquished Creatures
  4 adders (D:2)
  A dart slug (D:1)
  2 ball pythons (D:3)
  5 endoplasms
  3 giant cockroaches (D:2)
  9 goblins
  6 hobgoblins
  5 quokkas
  2 bats
  A frilled lizard (D:2)
  7 kobolds
  6 rats (D:1)
51 creatures vanquished.

Vanquished Creatures (others)
  16 plants
16 creatures vanquished.

Grand Total: 67 creatures vanquished

Notes
Turn   | Place    | Note
-------+----------+-------------------------------------------
     0 | D:1      | pkoi the Draconian Monk began the quest for the Orb.
     0 | D:1      | Reached XP level 1. HP: 19/19 MP: 1/1
   342 | D:1      | Reached XP level 2. HP: 18/26 MP: 2/2
   758 | D:1      | Reached skill level 4 in Unarmed Combat
  1128 | D:1      | Reached XP level 3. HP: 27/31 MP: 3/3
  2087 | D:2      | Reached skill level 5 in Unarmed Combat
  2087 | D:2      | Reached XP level 4. HP: 20/38 MP: 4/4
  2679 | D:3      | Mangled by an iguana

Illustrated notes

Levels and vault maps discovered:
D:1:      dpeg_arrival_tiny_d, layout_basic, serial_co_window_serial,
          co_window_paths_a, co_window_corner_a, co_window_corner_a,
          co_window_of_opportunity_a, co_window_paths_a, co_window_paths_a,
          co_window_paths_a, co_window_paths_b, co_window_corner_a,
          co_window_cross_3, co_window_2corner, co_window_2corner,
          co_window_broadway_b, co_window_unsneaky_path_c, co_window_corner_ca,
          glass_columns_c, glass_columns_a, glass_columns_a
D:2:      layout_basic, kennysheep_boxes
D:3:      layout_loops_cross, hangedman_decor_opposing, saegor_snake_ambush,
          uniq_natasha, uniq_crazy_yiuf_cottage

Skill      XL: |  1  2  3 |
---------------+----------+-----
Unarmed Combat | 4 5 |  5.2
Fighting       | |  3.2
Dodging        | |  2.6
Stealth        | |  1.7

Action                   |  1- 3 |  4- 6 || total
-------------------------+-------+-------++-------
Melee: Unarmed           |   168 |    30 ||   198
       Tailslap          |    11 |     3 ||    14
       Punch             |     2 |     1 ||     3
 Stab: Sleeping          |     3 |     2 ||     5
Armor: Skin              |    46 |     4 ||    50
Dodge: Dodged            |   115 |    16 ||   131
